3AA
BARTON SPRINGS BLUES @ RICHLAND RAILS
09/02/2041
 
TOP OF THE 1ST
Barton Springs Blues batting - Pitching for Richland Rails : LHP António Moreno
Pitching: LHP António Moreno
Batting: RHB Steffen Schulte 0-0: Ball
1-0: Called Strike
1-1: Called Strike
1-2: Ball
2-2: Ball
3-2: Fly out, F7 (Flyball, 78S, EV 91.9 MPH)
Batting: RHB Donald Martin 0-0: Called Strike
0-1: Ball
1-1: Ball
2-1: SOLO HOME RUN (Line Drive, 78XD, EV 100.6 MPH), Distance : 403 ft
Batting: RHB Rutland Stones 0-0: Ball
1-0: Foul Ball, location: 2F
1-1: Swinging Strike
1-2: Hit by Pitch, AND HE CHARGES THE MOUND! The benches clear!
Pitching: LHP Cameron Thoresen
Pinch Runner at 1st Man-su Sin:
Batting: LHB Jonathan Winston 0-0: Ball
1-0: Ball
2-0: Ball
3-0: Called Strike
3-1: Foul Ball, location: 2F
3-2: Foul Ball, location: 2F
3-2: Foul Ball, location: 2F
3-2: Foul Ball, location: 2F
3-2: SINGLE (Line Drive, 6MD, EV 98.8 MPH)
Man-su Sin to second
Batting: RHB Carlos Hernández 0-0: Foul Ball, location: 2F
0-1: Fly out, F7 (Line Drive, 7S, EV 102.5 MPH)
Batting: RHB Shawn Mullins 0-0: Ball
1-0: Fly out, F5 (Line Drive, 5, EV 70.6 MPH)
Top of the 1st over - 1 run, 2 hits, 0 errors, 2 left on base; Barton Springs 1 - Richland 0
BOTTOM OF THE 1ST
Richland Rails batting - Pitching for Barton Springs Blues : LHP Earnest Powell
Pitching: LHP Earnest Powell
Now in RF: Man-su Sin
Batting: RHB Javier Botín 0-0: SINGLE (Groundball, 15S, EV 70.0 MPH) (infield hit)
Batting: LHB Doyle Berkey 0-0: Ball
1-0: Ball
2-0: Fielders Choice at 2nd, 4-6 (Groundball, 4MD, EV 104.4 MPH)
Batting: RHB Cheng-ho Bu 0-0: Ball
1-0: Fly out, F8 (Flyball, 8LM, EV 86.9 MPH)
Batting: RHB Greg Ge 0-0: Ball
Doyle Berkey steals 2nd, throwing error, E2
Doyle Berkey to third
1-0: Called Strike
1-1: DOUBLE (Line Drive, 3D, EV 104.4 MPH)
Doyle Berkey scores
Batting: RHB Jon Walker 0-0: Ball
1-0: Called Strike
1-1: Ground out 4-3 (Groundball, 34, EV 105.6 MPH)
Bottom of the 1st over - 1 run, 2 hits, 1 error, 1 left on base; Barton Springs 1 - Richland 1
TOP OF THE 2ND
Barton Springs Blues batting - Pitching for Richland Rails : LHP Cameron Thoresen
Batting: RHB Kamakakoa Kaponianani 0-0: Ground out 5-3 (Groundball, 56, EV 90.6 MPH)
Batting: RHB Ken Rodríguez 0-0: Ball
1-0: Ball
2-0: Called Strike
2-1: Ball
3-1: Called Strike
3-2: Strikes out swinging
Batting: RHB Mike O'Neill 0-0: Ball
1-0: Called Strike
1-1: Ball
2-1: Ball
3-1: Base on Balls
Batting: RHB Steffen Schulte 0-0: Ball
Mike O'Neill is caught stealing 2nd base 2-4
Top of the 2nd over - 0 runs, 0 hits, 0 errors, 0 left on base; Barton Springs 1 - Richland 1
BOTTOM OF THE 2ND
Richland Rails batting - Pitching for Barton Springs Blues : LHP Earnest Powell
Batting: RHB Tony Juderías 0-0: Ground out U3 (Groundball, 3, EV 84.4 MPH)
Batting: RHB Wilbur Thomas 0-0: DOUBLE (Line Drive, 7LM, EV 108.8 MPH)
Batting: RHB Mark Quaintance 0-0: Ball
1-0: Called Strike
1-1: Swinging Strike
1-2: Foul Ball, location: 2F
1-2: Ball
2-2: Strikes out swinging
Batting: RHB Gene Payne 0-0: Called Strike
0-1: Ball
1-1: Ball
2-1: Foul Ball, location: 2F
2-2: Ground out U3 (Groundball, 34, EV 87.5 MPH)
Bottom of the 2nd over - 0 runs, 1 hit, 0 errors, 1 left on base; Barton Springs 1 - Richland 1
TOP OF THE 3RD
Barton Springs Blues batting - Pitching for Richland Rails : LHP Cameron Thoresen
Batting: RHB Steffen Schulte 0-0: Ball
1-0: Ground out 6-3 (Groundball, 6, EV 87.5 MPH)
Batting: RHB Donald Martin 0-0: Ground out U3 (Groundball, 3L, EV 89.4 MPH)
Batting: LHB Man-su Sin 0-0: Called Strike
0-1: Ball
1-1: Ball
2-1: Foul Ball, location: 2F
2-2: SINGLE (Groundball, 4MD, EV 93.8 MPH)
Batting: LHB Jonathan Winston 0-0: Ball
1-0: Ball
2-0: Ball
3-0: Called Strike
3-1: Called Strike
3-2: Ground out 4-3 (Groundball, 3, EV 102.5 MPH)
Top of the 3rd over - 0 runs, 1 hit, 0 errors, 1 left on base; Barton Springs 1 - Richland 1
BOTTOM OF THE 3RD
Richland Rails batting - Pitching for Barton Springs Blues : LHP Earnest Powell
Batting: RHB Javier Botín 0-0: Ball
1-0: Ball
2-0: Ball
3-0: Base on Balls
Batting: LHB Doyle Berkey 0-0: Ball
1-0: Swinging Strike
1-1: Ball
2-1: Ball
3-1: Fielders Choice at 2nd, 6-4 (Groundball, 6, EV 84.4 MPH)
Batting: RHB Cheng-ho Bu 0-0: Called Strike
0-1: Ball
1-1: Ball
2-1: Foul Ball, location: 2F
2-2: Ball
3-2: Strikes out swinging
Batting: RHB Greg Ge 0-0: Ball
1-0: Fly out, F3 (Popup, 3F, EV 71.2 MPH)
Bottom of the 3rd over - 0 runs, 0 hits, 0 errors, 1 left on base; Barton Springs 1 - Richland 1
TOP OF THE 4TH
Barton Springs Blues batting - Pitching for Richland Rails : LHP Cameron Thoresen
Batting: RHB Carlos Hernández 0-0: Fly out, F9 (Flyball, 9S, EV 82.5 MPH)
Batting: RHB Shawn Mullins 0-0: Ball
1-0: Ground out 4-3 (Groundball, 4M, EV 85.6 MPH)
Batting: RHB Kamakakoa Kaponianani 0-0: Called Strike
0-1: Ground out 6-3 (Groundball, 6, EV 78.1 MPH)
Top of the 4th over - 0 runs, 0 hits, 0 errors, 0 left on base; Barton Springs 1 - Richland 1
BOTTOM OF THE 4TH
Richland Rails batting - Pitching for Barton Springs Blues : LHP Earnest Powell
Batting: RHB Jon Walker 0-0: Ball
1-0: Swinging Strike
1-1: Ball
2-1: Called Strike
2-2: Ball
3-2: Foul Ball, location: 2F
3-2: Base on Balls
Batting: RHB Tony Juderías 0-0: Swinging Strike
0-1: Ball
1-1: Called Strike
1-2: Grounds into double play, 4-6-3 (Groundball, 4M, EV 88.1 MPH)
Batting: RHB Wilbur Thomas 0-0: Foul Ball, location: 2F
0-1: Ground out 5-3 (Groundball, 56, EV 102.5 MPH)
Bottom of the 4th over - 0 runs, 0 hits, 0 errors, 0 left on base; Barton Springs 1 - Richland 1
TOP OF THE 5TH
Barton Springs Blues batting - Pitching for Richland Rails : LHP Cameron Thoresen
Batting: RHB Ken Rodríguez 0-0: Ball
1-0: Called Strike
1-1: Foul Ball, location: 2F
1-2: Ball
2-2: Ground out 1-3 (Groundball, 25, EV 68.1 MPH)
Batting: RHB Mike O'Neill 0-0: Foul Ball, location: 2F
0-1: Fly out, F5 (Popup, 56, EV 57.5 MPH)
Batting: RHB Steffen Schulte 0-0: Ball
1-0: Ball
2-0: Ball
3-0: Called Strike
3-1: Base on Balls
Batting: RHB Donald Martin 0-0: Ball
1-0: Ball
2-0: Ball
3-0: Base on Balls
Steffen Schulte to second
Batting: LHB Man-su Sin 0-0: Ball
1-0: Foul Ball, location: 2F
1-1: SINGLE (Line Drive, 89S, EV 108.1 MPH)
Steffen Schulte to third
Donald Martin to second
Runner from 3rd tries for Home, SAFE, no throw by RF
Pitching: LHP Weon Kim
Batting: LHB Jonathan Winston 0-0: Swinging Strike
0-1: Ball
1-1: Swinging Strike
1-2: SINGLE (Groundball, 6, EV 77.5 MPH) (infield hit)
Donald Martin to third
Man-su Sin to second
Batting: RHB Carlos Hernández 0-0: Fly out, F9 (Line Drive, 9D, EV 110.0 MPH)
Top of the 5th over - 1 run, 2 hits, 0 errors, 3 left on base; Barton Springs 2 - Richland 1
BOTTOM OF THE 5TH
Richland Rails batting - Pitching for Barton Springs Blues : LHP Earnest Powell
Batting: RHB Mark Quaintance 0-0: Ball
1-0: Called Strike
1-1: Foul Ball, location: 2F
1-2: Fly out, F8 (Flyball, 8RM, EV 83.1 MPH)
Batting: RHB Gene Payne 0-0: Fly out, F8 (Flyball, 8LS, EV 88.8 MPH)
Batting: RHB Javier Botín 0-0: Ball
1-0: Swinging Strike
1-1: Ball
2-1: Ball
3-1: Foul Ball, location: 2F
3-2: Foul Ball, location: 2F
3-2: Base on Balls
Batting: LHB Doyle Berkey 0-0: Ball
Javier Botín steals 2nd, throwing error, E2
Javier Botín to third
1-0: Foul Ball, location: 2F
1-1: Ball
2-1: Called Strike
2-2: Foul Ball, location: 2F
2-2: Ball
3-2: Foul Ball, location: 2F
3-2: Strikes out swinging
Bottom of the 5th over - 0 runs, 0 hits, 1 error, 1 left on base; Barton Springs 2 - Richland 1
TOP OF THE 6TH
Barton Springs Blues batting - Pitching for Richland Rails : LHP Weon Kim
Batting: RHB Shawn Mullins 0-0: Ball
1-0: Ball
2-0: Called Strike
2-1: Ball
3-1: Called Strike
3-2: Strikes out swinging
Batting: RHB Kamakakoa Kaponianani 0-0: Called Strike
0-1: Foul Ball, location: 2F
0-2: Ball
1-2: Foul Ball, location: 2F
1-2: SINGLE (Groundball, 56D, EV 106.2 MPH)
Batting: RHB Ken Rodríguez 0-0: Foul Ball, location: 2F
0-1: Called Strike
Kamakakoa Kaponianani steals 2nd base
0-2: Ball
1-2: Foul Ball, location: 2F
1-2: Ball
2-2: Fly out, F8 (Flyball, 8LD, EV 86.2 MPH)
Runner from 2nd tags up, SAFE at 3rd with throw by CF
Batting: RHB Mike O'Neill 0-0: Ball
1-0: Ground out 4-3 (Groundball, 4, EV 89.4 MPH)
Top of the 6th over - 0 runs, 1 hit, 0 errors, 1 left on base; Barton Springs 2 - Richland 1
BOTTOM OF THE 6TH
Richland Rails batting - Pitching for Barton Springs Blues : LHP Earnest Powell
Batting: RHB Cheng-ho Bu 0-0: SINGLE (Line Drive, 34D, EV 102.5 MPH)
Batting: RHB Greg Ge 0-0: Called Strike
0-1: Foul Ball, location: 2F
0-2: Foul Ball, location: 2F
0-2: Ball
1-2: Ball
2-2: TRIPLE (Line Drive, 7D, EV 106.9 MPH)
Cheng-ho Bu scores
Batting: RHB Jon Walker 0-0: Ball
1-0: Fly out, F7 (Line Drive, 7, EV 105.0 MPH)
Batting: RHB Tony Juderías 0-0: Ball
1-0: Ball
2-0: Called Strike
2-1: Ground out 6-3 (Groundball, 6, EV 104.4 MPH)
Batting: RHB Wilbur Thomas 0-0: Ground out 5-3 (Groundball, 56, EV 78.1 MPH)
Bottom of the 6th over - 1 run, 2 hits, 0 errors, 1 left on base; Barton Springs 2 - Richland 2
TOP OF THE 7TH
Barton Springs Blues batting - Pitching for Richland Rails : LHP Weon Kim
Batting: RHB Steffen Schulte 0-0: Ball
1-0: SINGLE (Flyball, 89M, EV 93.8 MPH)
Batting: RHB Donald Martin 0-0: Sac Bunt to 2L - play at first, batter OUT! 2-4
Steffen Schulte to second
Batting: LHB Man-su Sin 0-0: Ball
1-0: Called Strike
1-1: Foul Ball, location: 2F
1-2: Strikes out swinging
Batting: LHB Jonathan Winston 0-0: Ball
1-0: DOUBLE (Groundball, 3L, EV 107.5 MPH)
Steffen Schulte scores
Batting: RHB Carlos Hernández 0-0: Called Strike
0-1: Ball
1-1: Fly out, F8 (Flyball, 8RD, EV 93.1 MPH)
Top of the 7th over - 1 run, 2 hits, 0 errors, 1 left on base; Barton Springs 3 - Richland 2
BOTTOM OF THE 7TH
Richland Rails batting - Pitching for Barton Springs Blues : LHP Earnest Powell
Batting: RHB Mark Quaintance 0-0: Ball
1-0: Fly out, F7 (Flyball, 7, EV 91.9 MPH)
Batting: RHB Gene Payne 0-0: Ball
1-0: SINGLE (Line Drive, 89M, EV 91.9 MPH)
Batting: RHB Javier Botín 0-0: Ball
1-0: Ball
2-0: Ball
3-0: Base on Balls
Gene Payne to second
Pitching: LHP Laurens Bancroft
Batting: LHB Doyle Berkey 0-0: Called Strike
0-1: Ball
1-1: Fielders Choice at 2nd, 4-6 (Groundball, 34, EV 105.6 MPH)
Gene Payne to third
Batting: RHB Cheng-ho Bu 0-0: Ball
1-0: Ball
2-0: Foul Ball, location: 2F
2-1: Fly out, F7 (Flyball, 7, EV 90.6 MPH)
Bottom of the 7th over - 0 runs, 1 hit, 0 errors, 2 left on base; Barton Springs 3 - Richland 2
TOP OF THE 8TH
Barton Springs Blues batting - Pitching for Richland Rails : LHP Weon Kim
Batting: RHB Shawn Mullins 0-0: Fly out, F6 (Line Drive, 6, EV 67.5 MPH)
Batting: RHB Kamakakoa Kaponianani 0-0: Ball
1-0: Ball
2-0: Called Strike
2-1: Foul Ball, location: 2F
2-2: Foul Ball, location: 2F
2-2: Strikes out swinging
Batting: RHB Ken Rodríguez 0-0: Called Strike
0-1: Foul Ball, location: 2F
0-2: Ball
1-2: Ball
2-2: Foul Ball, location: 2F
2-2: Ground out 5-3 (Groundball, 56S, EV 85.6 MPH)
Top of the 8th over - 0 runs, 0 hits, 0 errors, 0 left on base; Barton Springs 3 - Richland 2
BOTTOM OF THE 8TH
Richland Rails batting - Pitching for Barton Springs Blues : LHP Laurens Bancroft
Batting: RHB Greg Ge 0-0: SINGLE (Groundball, 34D, EV 98.8 MPH)
Pitching: RHP Danny Kas
Pinch Hitting: LHB Josh Wiggins 0-0: Ball
1-0: Ball
2-0: Fly out, F8 (Flyball, 8LS, EV 91.9 MPH)
Pinch Hitting: SHB Oscar Henson 0-0: Ball
1-0: Foul Ball, location: 2F
1-1: Ball
2-1: SINGLE (Groundball, 5, EV 106.2 MPH) (infield hit)
Greg Ge to second
Batting: RHB Wilbur Thomas 0-0: Ball
1-0: Foul Ball, location: 2F
1-1: Ball
2-1: Fly out, F3 (Popup, 3SF, EV 76.2 MPH)
Pinch Hitting: LHB Glenn Lockhart 0-0: 3-RUN HOME RUN (Flyball, 89XD, EV 93.8 MPH), Distance : 399 ft
Batting: RHB Gene Payne 0-0: Ball
1-0: Fly out, F8 (Flyball, 8LD, EV 89.4 MPH)
Bottom of the 8th over - 3 runs, 3 hits, 0 errors, 0 left on base; Barton Springs 3 - Richland 5
TOP OF THE 9TH
Barton Springs Blues batting - Pitching for Richland Rails : LHP Weon Kim
Pitching: LHP Artie Bates
Now at C: Román Espinoza
Now at 1B: Bill Wolf
Now at 2B: Oscar Henson
Batting: RHB Mike O'Neill 0-0: Called Strike
0-1: Called Strike
0-2: Ball
1-2: SINGLE (Groundball, 6MD, EV 105.0 MPH)
Batting: RHB Steffen Schulte 0-0: Foul Ball, location: 2F
0-1: Ball
1-1: Ball
2-1: Fly out, F8 (Flyball, 8RM, EV 88.1 MPH)
Batting: RHB Donald Martin 0-0: Swinging Strike
0-1: Grounds into double play, 6-4-3 (Groundball, 6M, EV 101.2 MPH)
Top of the 9th over - 0 runs, 1 hit, 0 errors, 0 left on base; Barton Springs 3 - Richland 5
Tuesday, January 5th, 2021 - OOTP Baseball 20.8 Build 74